 Dungeon Crawl Stone Soup version 0.28.0 (webtiles) character file.

Game seed: 17667511928349916460

5096 Minsecho the Thaumaturge (level 10, 0/74 HPs)
             Began as a Pale Draconian Hedge Wizard on Feb 5, 2022.
             Was an Initiate of Sif Muna.
             Slain by a gnoll (7 damage)
             ... while paralysed by a hornet
             ... on level 8 of the Dungeon.
             The game lasted 00:37:44 (12495 turns).

Minsecho the Thaumaturge (DrWz)                    Turns: 12495, Time: 00:37:46

Health: 0/74       AC:  9    Str: 12    XL:     10   Next: 32%
Magic:  20/23      EV:  2    Int: 19    God:    Sif Muna [......]
Gold:   384        SH:  0    Dex: 11    Spells: 15/27 levels left

rFire   + . .      SeeInvis .   m - +6 long sword of Ysapni {freeze, rF+ rC+}
rCold   + + .      Faith    .   (no shield)
rNeg    . . .      Spirit   .   (armour unavailable)
rPois   .          Reflect  .   b - +0 hat
rElec   .          Harm     .   (no cloak)
rCorr   .          Rampage  .   v - +0 pair of gloves
Will    .....                   A - +0 pair of boots
Stlth   ++........              (no amulet)
HPRegen 0.22/turn               n - +4 ring of evasion
MPRegen 0.18/turn               h - ring of protection from cold

@: paralysed, lethally poisoned (0 -> -27), on blink cooldown, slowed
A: breathe steam, AC +7, unfitting armour, cold-blooded, steam resistance
a: Breathe Steam, Renounce Religion


You were on level 8 of the Dungeon.
You worshipped Sif Muna.
Sif Muna was noncommittal.
You visited 2 branches of the dungeon, and saw 9 of its levels.
You also visited: Sewer.

You collected 384 gold pieces.

Inventory:

Hand Weapons
 e - a +1 dagger of flaming
 l - a +4 short sword of venom
 m - the +6 long sword of Ysapni (weapon) {freeze, rF+ rC+}
   (You found it on level 6 of the Dungeon)

   It freezes those it strikes, dealing additional cold damage.
   It can also slow down cold-blooded creatures.
   rF:        It protects you from fire.
   rC:        It protects you from cold.
 s - a +2 antimagic dagger
Armour
 b - a +0 hat (worn)
 v - a +0 pair of gloves (worn)
 A - a +0 pair of boots (worn)
Jewellery
 h - a ring of protection from cold (right hand)
 n - a +4 ring of evasion (left hand)
 o - a ring of fire
 x - a ring of protection from cold
 C - a +4 ring of evasion
 D - an amulet of magic regeneration
Wands
 k - a wand of flame (19)
 F - a wand of mindburst (10)
Scrolls
 f - 2 scrolls of fear
 i - a scroll of enchant armour {unknown}
 q - a scroll of noise {unknown}
 r - 2 scrolls of fog {unknown}
 u - a scroll of vulnerability
 y - a scroll of immolation {unknown}
 B - a scroll of enchant weapon {unknown}
 G - a scroll of identify
Potions
 a - a potion of lignification
 c - 2 potions of attraction
 g - a potion of brilliance {unknown}
 j - a potion of resistance
 p - a potion of degeneration
 w - a potion of flight
 z - a potion of mutation
 E - a potion of invisibility {unknown}
Miscellaneous
 t - a tin of tremorstones (2/2)


   Skills:
 + Level 2.3 Fighting
 + Level 3.7(3.8) Short Blades
 + Level 1.1(2.6) Long Blades
 + Level 4.4 Dodging
 - Level 2.0 Stealth
 + Level 9.4 Spellcasting
 + Level 6.4 Conjurations
 + Level 5.3 Summonings
 + Level 1.4 Translocations
 + Level 4.0 Fire Magic
 + Level 1.7 Air Magic
 + Level 2.0 Poison Magic


You had 15 spell levels left.
You knew the following spells:

 Your Spells              Type           Power      Damage    Failure   Level
a - Magic Dart            Conj           100%       1d8       1%          1
b - Blink                 Tloc           28%        N/A       7%          2
c - Call Imp              Summ           29%        N/A       1%          2
e - Mephitic Cloud        Conj/Pois/Air  21%        N/A       6%          3
f - Conjure Flame         Conj/Fire      28%        6-21      2%          3
s - Slow                  Hex            36%        N/A       8%          1

Your spell library contained the following spells:

 Spells                   Type           Power      Damage    Failure   Level
 Shock                    Conj/Air       96%        1d9       1%          1
 Freeze                   Ice            32%        1d5       8%          1
 Swiftness                Air            15%        N/A       12%         3
 Gell's Gravitas          Tloc           14%        N/A       13%         3
 Teleport Other           Tloc           14%        N/A       13%         3
 Hailstorm                Conj/Ice       21%        3d6       21%         4
 Vampiric Draining        Necr           8%         2d6       24%         3
 Airstrike                Air            7%         N/A       36%         4
 Ice Form                 Ice/Tmut       8%         N/A       61%         4
 Metabolic Englaciation   Hex/Ice        4%         N/A       91%         5
 Dispersal                Tloc           7%         N/A       100%        6
 Simulacrum               Ice/Necr       4%         N/A       100%        6


Dungeon Overview and Level Annotations

Branches:
Dungeon (8/15)             Temple (1/1) D:7           Sewer (visited)
   Lair: D:8-11

Altars:
Cheibriados
Dithmenos
Elyvilon
Fedhas
Gozag
Hepliaklqana
Kikubaaqudgha
Nemelex Xobeh
Qazlal
Ru
Sif Muna
Trog
Uskayaw
Vehumet
Wu Jian
Xom
Yredelemnul
Zin
The Shining One

Shops:
D:5 *


Innate Abilities, Weirdness & Mutations

You can breathe blasts of scalding, opaque steam.
Your pale cyan-grey scales are hard. (AC +7)
You cannot fit into any form of body armour.
You are cold-blooded and may be slowed by cold attacks.
You are immune to the effects of steam.


Message History

The gnoll shouts!
You hear a shout!
The hornet completely misses you. The hornet barely misses you.
A gnoll comes into view. It is wielding a +0 whip.
The hornet closely misses you.
You closely miss the hornet.
You feel yourself speed up. The hornet stings you!
You are poisoned.
You feel yourself slow down. The hornet stings you!
You are more poisoned.
You feel as though you will be slow longer.
Your crimson imp hits the hornet.
The hornet completely misses you.
Your crimson imp closely misses the hornet.
Okay, then.
Unknown command.
Casting: Call Imp (safe; 1% risk of failure)
Confirm with . or Enter, or press ? or * to list all spells.
You blink.
A gnoll comes into view. It is wielding a +0 club.
The gnoll shouts!
You feel yourself speed up.
You feel very sick. The gnoll hits you but does no damage.
The gnoll misses you.
Unknown command.
Okay, then.
Unknown command.
You feel very sick. The gnoll barely misses you.
You feel very sick. The gnoll barely misses you.
The gnoll completely misses you. The hornet stings you!
You are more poisoned.
You suddenly lose the ability to move!
* * * LOW HITPOINT WARNING * * *
You feel very sick. The hornet stings you!
* * * LOW HITPOINT WARNING * * *
You are more poisoned.
You feel yourself slow down. The gnoll hits you with a +0 whip!
You die...

# #.# #.# #. #.#
#######.# #.####.##.#
........# .......#.#
........#
#.....#.#.........#
#.....#'#g........#
#.................#
#...@g...........<##
#...yg.............##
#...5................
####.....###..#######
#..........#
#.....####.# #.....#
#.# #.##### #.# #.#
#.#


You could see a hornet (ally target), 3 gnolls and a friendly crimson imp
(summoned).

Vanquished Creatures
  A two-headed ogre (D:5)
  Pikel (D:7)
  A komodo dragon (D:8)
  A steam dragon (D:6)
  A sky beast (D:7)
  2 orc warriors
  An ice beast (D:5)
  2 black bears
  2 necrophages
  3 centaurs
  3 ogres
  A phantom (D:6)
  A kobold brigand (D:5)
  A wyvern zombie (D:6)
  5 bullfrogs
  2 scorpions
  A wyvern skeleton (D:7)
  Dowan (D:4)
  2 water moccasin skeletons
  A howler monkey (D:4)
  A bullfrog zombie (D:5)
  A centaur zombie (D:7)
  2 hounds (D:5)
  A jelly (D:5)
  Crazy Yiuf (D:2)
  2 orc priests
  A bullfrog skeleton (D:6)
  A gnoll shaman (D:7)
  3 iguanas
  6 orc wizards
  A hound skeleton (D:4)
  7 gnolls
  11 adders
  A white imp (D:7)
  2 ufetubi
  An adder skeleton (D:4)
  A worm (D:3)
  4 dart slugs
  17 orcs
  5 bats
  19 endoplasms
  8 giant cockroaches
  10 goblins
  5 hobgoblins
  A jackal (D:1)
  17 kobolds
  15 quokkas
  6 ball pythons
  10 frilled lizards
  9 rats
202 creatures vanquished.

Vanquished Creatures (collateral kills)
  Prince Ribbit (D:7)
  Sigmund (D:3)
  Duvessa (D:4)
  A necrophage (D:4)
  A hound (D:5)
  2 orc priests
  2 orc wizards
  Terence (D:2)
  4 orcs
  2 ball pythons (D:3)
  2 jackals (D:1)
  2 kobolds
20 creatures vanquished.

Vanquished Creatures (others)
  5 fungi (D:8)
  10 plants (D:8)
15 creatures vanquished.

Grand Total: 237 creatures vanquished

Notes
Turn   | Place    | Note
-------+----------+-------------------------------------------
     0 | D:1      | Minsecho the Draconian Hedge Wizard began the quest for the
                  | Orb.
     0 | D:1      | Reached XP level 1. HP: 14/14 MP: 4/4
    10 | D:1      | Found a faded altar of an unknown god.
   185 | D:1      | Learned a level 1 spell: Slow
   574 | D:1      | Reached XP level 2. HP: 20/20 MP: 0/6
   577 | D:1      | Learned a level 2 spell: Blink
   580 | D:1      | Learned a level 2 spell: Call Imp
  1376 | D:1      | Reached XP level 3. HP: 26/26 MP: 4/8
  2162 | D:2      | Noticed Terence
  2215 | D:2      | Killed Terence
  2216 | D:2      | Reached skill level 4 in Spellcasting
  2512 | D:2      | Reached XP level 4. HP: 33/33 MP: 2/10
  2694 | D:2      | Found an ancient bone altar of Kikubaaqudgha.
  2896 | D:2      | Found a runed translucent door.
  2897 | D:2      | Noticed Crazy Yiuf
  4069 | D:3      | Noticed Sigmund
  4151 | D:3      | Killed Sigmund
  4152 | D:3      | Reached XP level 5. HP: 12/38 MP: 3/12
  4152 | D:3      | Reached XP level 6. HP: 14/45 MP: 3/13
  4833 | D:2      | Killed Crazy Yiuf
  4834 | D:2      | Reached skill level 5 in Spellcasting
  5686 | D:4      | Noticed Duvessa
  5774 | D:4      | Killed Duvessa
  5784 | D:4      | Noticed Dowan
  5798 | D:4      | Killed Dowan
  5799 | D:4      | Your scales start taking on a pale cyan-grey colour.
  5799 | D:4      | Reached XP level 7. HP: 45/51 MP: 5/15
  5799 | D:4      | Gained mutation: You are immune to the effects of steam.
                  | [Pale Draconian growth]
  5898 | D:4      | Learned a level 3 spell: Conjure Flame
  5902 | D:4      | Learned a level 3 spell: Mephitic Cloud
  6242 | D:4      | Reached skill level 1 in Short Blades
  6425 | D:4      | Found a bloodstained altar of Trog.
  6480 | D:5      | Entered Level 5 of the Dungeon
  6601 | D:5      | Reached skill level 6 in Spellcasting
  6788 | D:5      | Found a glowing drain.
  6795 | Sewer    | Entered a sewer
  6854 | Sewer    | Reached skill level 1 in Fighting
  7488 | Sewer    | Reached XP level 8. HP: 45/59 MP: 8/17
  7493 | Sewer    | Reached skill level 1 in Fire Magic
  7743 | D:5      | Noticed a two-headed ogre
  7803 | D:5      | Killed a two-headed ogre
  7804 | D:5      | Reached skill level 7 in Spellcasting
  7804 | D:5      | Reached skill level 5 in Conjurations
  8219 | D:5      | Found Taxzipt's Neck Hole.
  8296 | D:5      | Reached XP level 9. HP: 49/64 MP: 8/20
  8528 | D:6      | Reached skill level 1 in Poison Magic
  9592 | D:6      | Identified the +1 robe "Naez" {Harm Int-5 Dex+4}
  9743 | D:6      | Noticed a gargoyle
 10010 | D:7      | Reached skill level 1 in Air Magic
 10122 | D:7      | Reached skill level 8 in Spellcasting
 10185 | D:7      | Noticed Pikel
 10197 | D:7      | Killed Pikel
 10198 | D:7      | Reached skill level 5 in Summonings
 10413 | D:7      | Found a staircase to the Ecumenical Temple.
 10438 | Temple   | Entered the Ecumenical Temple
 10580 | Temple   | Became a worshipper of Sif Muna the Loreminder
 10664 | D:7      | Noticed Prince Ribbit
 11044 | D:6      | Reached XP level 10. HP: 73/73 MP: 15/22
 11305 | D:6      | Identified the +6 long sword of Ysapni {freeze, rF+ rC+}
 11608 | D:7      | Reached skill level 9 in Spellcasting
 11672 | D:7      | Killed Prince Ribbit
 12096 | D:8      | Reached skill level 1 in Long Blades
 12364 | D:8      | Got the Disquisition on Darkness and Cold
 12461 | D:8      | Found a shimmering altar of Xom.
 12461 | D:8      | Found an opulent altar of Gozag.
 12462 | D:8      | Found a blossoming altar of Fedhas.
 12465 | D:8      | Found an ornate altar of the Wu Jian Council.
 12465 | D:8      | Found an ancient bone altar of Kikubaaqudgha.
 12494 | D:8      | Paralysed by a hornet for 3 turns
 12495 | D:8      | Slain by a gnoll

Illustrated notes

Levels and vault maps discovered:
D:1:      lemuel_arrival_lava_pool, layout_basic,
          hellmonk_ecumenical_altar_leap_of_faith
D:2:      layout_loops_ring, basic_altar, uniq_terence, uniq_crazy_yiuf_cottage
D:3:      layout_rooms, uniq_sigmund
D:4:      layout_basic, trog_antimagical, uniq_duvessa
D:5:      layout_cave_pools, portal_sewer_entry_e,
          nicolae_shop_sticking_my_neck_out
D:6:      layout_cave_pods
D:7:      layout_basic, minmay_temple_entry_enclosed_plants,
          uniq_prince_ribbit1, uniq_pikel
D:8:      kennysheep_seaside_town, layout_basic, grunt_temple_overflow_open,
          grunt_lair_entry_orc_guard_hut, serial_shops,
          nicolae_shop_overgrown_old_shop
Temple:   bh_familiar_temple

Skill      XL: |  1  2  3  4  5  6  7  8  9 10 |
---------------+-------------------------------+-----
Dodging        | 2 3 4 |  4.4
Stealth        | 2 |  2.0
Spellcasting   | 4 5 6 7 8 9 |  9.4
Conjurations   | 2 3 5 6 |  6.4
Summonings     | 3 4 5 |  5.3
Short Blades   | 1 2 3 |  3.7
Fighting       | 1 2 |  2.3
Fire Magic     | 3 4 |  4.0
Poison Magic   | 1 2 |  2.0
Air Magic      | 1 |  1.7
Long Blades    | 1 |  1.1
Translocations | |  1.4

Action                   |  1- 3 |  4- 6 |  7- 9 | 10-12 || total
-------------------------+-------+-------+-------+-------++-------
Melee: Dagger            |    47 |    10 |       |       ||    57
       Tailslap          |     9 |     4 |    26 |     2 ||    41
       Punch             |     1 |       |     1 |       ||     2
       Short sword       |       |    13 |   173 |     6 ||   192
       Long sword        |       |       |       |    31 ||    31
 Cast: Magic Dart        |    83 |   141 |   285 |    74 ||   583
       Call Imp          |     3 |    25 |    34 |     5 ||    67
       Blink             |       |     1 |     4 |     1 ||     6
       Slow              |       |     1 |       |       ||     1
       Mephitic Cloud    |       |       |    17 |     1 ||    18
 Abil: Breathe Steam     |       |       |     5 |       ||     5
Evoke: Wand              |       |       |     1 |       ||     1
  Use: Scroll            |     1 |       |     9 |     1 ||    11
       Potion            |       |     1 |     3 |       ||     4
 Stab: Confused          |       |       |     6 |       ||     6
       Sleeping          |       |       |     1 |       ||     1
       Distracted        |       |       |     1 |       ||     1
Armor: Skin              |    18 |    25 |    74 |    18 ||   135
Dodge: Dodged            |    32 |    55 |   224 |    63 ||   374
